 Dungeon Crawl Stone Soup version 0.30.0-19-g36f170ea60 (webtiles) character file.

Game seed: 8082179022227581041

46975 wingedge the Grappler (level 13, -6/135 HPs)
             Began as a Demigod Wanderer on May 30, 2023.
             Mangled by a sixfirhy (12 damage)
             ... summoned by an orc high priest
             ... on level 2 of the Orcish Mines.
             The game lasted 01:25:45 (20914 turns).

wingedge the Grappler (Demigod Wanderer)           Turns: 20914, Time: 01:25:46

Health: -6/135     AC: 12    Str: 22    XL:     13   Next: 69%
Magic:  9/24       EV: 18    Int: 20    God:
Gold:   562        SH:  5    Dex: 14    Spells: 2/21 levels left

rFire   x .          .
                       - Unarmed
rCold   + + +        (shield currently unavailable)
rNeg    . . .        T - melded +4 robe of Folly {Brill Will-∞ Int+8}
rPois   +            (helmet currently unavailable)
rElec   .            i - melded +0 cloak
rCorr   .            o - melded +0 pair of gloves
SInv    .            (boots currently unavailable)
Will    ++...        H - amulet of reflection
Stlth   +            k - +5 ring of evasion
HPRegen 0.42/turn    h - ring of willpower
MPRegen 0.19/turn

%: reflection
@: ice-form, spiked
A: freezing attack, amphibious, boosted hp, large, high MP 1, forlorn, divine
attributes
a: End Transformation


You were on level 2 of the Orcish Mines.
You were a creature of crystalline ice.
You visited 4 branches of the dungeon, and saw 20 of its levels.

You collected 1421 gold pieces.
You spent 859 gold pieces at shops.

Inventory:

Hand Weapons
 a - a +1 sling of freezing
Missiles
 c - 39 poisoned darts
 D - 2 throwing nets
 K - 5 curare-tipped darts
Armour
 i - a +0 cloak (melded)
 o - a +0 pair of gloves (melded)
 w - the +1 pair of boots of Plog {Rampage Fly rN+ Int-5}
   (You found it on level 4 of the Dungeon)

   Int:       It affects your intelligence (-5).
   rN:        It protects you from negative energy.
   Fly:       It grants you flight.
   Rampage:   It bestows one free step when moving towards enemies.
 C - the +2 leather armour "Huifiq" {rElec Regen+ Int-4 Dex+4 Slay+2}
   (You bought it in a shop on level 5 of the Dungeon)

   Int:       It affects your intelligence (-4).
   Dex:       It affects your dexterity (+4).
   Slay:      It affects your accuracy & damage with ranged weapons and melee
   (+2).
   rElec:     It insulates you from electricity.
   Regen:     It increases your rate of health regeneration.
 L - a +1 troll leather armour {Snorg}
 O - a +1 robe of willpower
 S - the +15 Maxwell's patent armour {-Cast -Tele rElec Will+ rCorr}
   (You found it on level 4 of the Lair of Beasts)

   rElec:     It insulates you from electricity.
   -Cast:     It prevents spellcasting.
   -Tele:     It prevents most forms of teleportation.
   rCorr:     It protects you from acid and corrosion.
   Will:      It increases your willpower.
 T - the +4 robe of Folly (melded) {Brill Will-∞ Int+8}
   (You bought it in a shop on level 2 of the Orcish Mines)

   Brill:     It increases the power of your magical spells and halves their MP
   cost (rounding up).
   Will-∞: It reduces your willpower to zero.
   Int:       It affects your intelligence (+8).
Jewellery
 h - a ring of willpower (right front paw)
 j - a ring of magical power
 k - a +5 ring of evasion (left front paw)
 x - a ring of poison resistance
 H - an amulet of reflection (around neck)
Wands
 t - a wand of flame (28)
 I - a wand of charming (15)
 J - a wand of iceblast (11)
 P - a wand of acid (2)
Scrolls
 b - a scroll of silence
 e - 3 scrolls of immolation
 f - 2 scrolls of fog
 g - 6 scrolls of teleportation
 l - 4 scrolls of vulnerability
 p - 4 scrolls of poison
 v - 3 scrolls of magic mapping
 y - a scroll of torment
 B - a scroll of amnesia
 G - 3 scrolls of enchant weapon
 N - a scroll of enchant armour
 R - a scroll of butterflies {unknown}
Potions
 d - a potion of berserk rage
 m - 2 potions of attraction
 n - 3 potions of flight
 q - 3 potions of curing
 r - 2 potions of might
 s - a potion of invisibility {unknown}
 u - 2 potions of cancellation
 z - a potion of lignification {unknown}
 A - 2 potions of mutation {unknown}
 F - 2 potions of haste {unknown}
 M - 2 potions of ambrosia {unknown}


   Skills:
 - Level 10.0 Fighting
 - Level 1.0 Ranged Weapons
 - Level 1.7 Throwing
 - Level 3.0 Armour
 - Level 8.0 Dodging
 - Level 12.0 Unarmed Combat
 + Level 4.9 Spellcasting
 - Level 4.0 Conjurations
 + Level 7.7 Transmutations
 - Level 6.0 Ice Magic
 - Level 4.0 Air Magic
 - Level 8.3 Poison Magic
 - Level 1.0 Evocations


You had 2 spell levels left.
You knew the following spells:

 Your Spells              Type           Power      Damage    Failure   Level
a - Beastly Appendage     Tmut           70%        N/A       1%          1
b - Wereblood             Tmut           35%        N/A       1%          2
c - Spider Form           Tmut/Pois      37%        N/A       1%          3
d - Poisonous Vapours     Pois/Air       58%        N/A       1%          2
e - Olgreb's Toxic Radia  Pois           38%        N/A       3%          4
f - Mephitic Cloud        Conj/Pois/Air  26%        N/A       3%          3
g - Ice Form              Ice/Tmut       32%        N/A       7%          4

Your spell library contained the following spells:

 Spells                   Type           Power      Damage    Failure   Level
 Sting                    Tmut/Pois      100%       1d8       1%          1
 Magic Dart               Conj           80%        1d7       2%          1
 Cigotuvi's Dreadful Rot  Necr/Pois/Air  42%        N/A       3%          2
 Passwall                 Tmut/Erth      16%        N/A       3%          2
 Necrotise                Necr           16%        1d4       12%         1
 Slow                     Hex            16%        N/A       12%         1
 Call Imp                 Summ           8%         N/A       19%         2
 Hailstorm                Conj/Ice       24%        3d7       4%          3
 Call Canine Familiar     Summ           4%         N/A       34%         3
 Confusing Touch          Hex            4%         N/A       34%         3
 Portal Projectile        Hex/Tloc       8%         N/A       34%         3
 Vampiric Draining        Necr           4%         2d6       34%         3
 Dispel Undead            Necr           4%         3d7       75%         4
 Leda's Liquefaction      Hex/Erth       2%         N/A       75%         4
 Agony                    Necr           4%         N/A       97%         5
 Simulacrum               Ice/Necr       8%         N/A       99%         6
 Death Channel            Necr           2%         N/A       100%        6


Dungeon Overview and Level Annotations

Branches:
Dungeon (12/15)            Temple (1/1) D:5            Lair (5/5) D:9
 Shoals (0/4) Lair:3       Spider (0/4) Lair:3          Orc (2/2) D:11
    Elf (0/3) Orc:2
  Slime: Lair:4-5

Shops:
D:5 [   Orc:2 **

Annotations:
D:10 2 runed translucent doors, Gadrel's ghost, journeyman MfCA
Orc:1 1 runed translucent door, Irreverend's ghost, journeyman MiFi


Innate Abilities, Weirdness & Mutations

You are a creature of crystalline ice.
You have a powerful freezing melee attack.
You are amphibious.
Your maximum health is increased.
Your armour is entirely melded.
You are incapable of wielding weapons or throwing items.
You have an increased reservoir of magic. (+10% MP)
You shall have no god before yourself.
Your divine heritage dramatically boosts your attributes as you level up.


Message History

The sixfirhy closely misses you. The sixfirhy barely misses you.
The soul eater draws from the surrounding life force!
* * * LOW HITPOINT WARNING * * *
You feel better.
The orc high priest is poisoned.
The soul eater draws from the surrounding life force!
Casting: Olgreb's Toxic Radiance (mildly dangerous; 3% risk of failure)
Confirm with . or Enter, or press ? or * to list all spells.
Your toxic radiance grows in intensity.
The sixfirhy looks as sick as possible!
The orc high priest looks as sick as possible!
The orc high priest looks even sicker.
The orc high priest looks as sick as possible!
The demonspawn looks even sicker.
The sixfirhy looks as sick as possible!
The orc high priest looks as sick as possible!
The orc high priest looks even sicker.
The demonspawn looks as sick as possible!
The orc high priest utters an invocation to Beogh.
The sixfirhy hits you but does no damage.
You completely miss the sixfirhy.
The sixfirhy is severely wounded.
The sixfirhy looks as sick as possible!
The orc high priest looks as sick as possible! x3
The demonspawn looks as sick as possible!
The sixfirhy hits you.
* * * LOW HITPOINT WARNING * * *
The sixfirhy shocks you!
* * * LOW HITPOINT WARNING * * *
The sixfirhy hits you but does no damage.
Casting: Olgreb's Toxic Radiance (mildly dangerous; 3% risk of failure)
Confirm with . or Enter, or press ? or * to list all spells.
Okay, then.
You feel better.
The sixfirhy looks as sick as possible!
Your toxic aura wanes.
The sixfirhy hits you!
* * * LOW HITPOINT WARNING * * *
The sixfirhy shocks you!
* * * LOW HITPOINT WARNING * * *
The sixfirhy hits you!
* * * LOW HITPOINT WARNING * * *
The sixfirhy shocks you!
You die...

#...## ##))..)..... ##..#.#####
##.)#)#.....# ##......##.##
##o4##....#).. #......#....#
##34###3..###..
##.........#####.)###...## ##. ##
##........##.##.o###..4## ##
.###..............[###.o.## #
..#.#..........3o6###..o##
......##....#..4Y###.#.##.
.......###...#..###..)##..# #
....[.[.##.....).###.#.##o6# #.
...#............[.###...##o.###43
....#....)....>...####..4##..#o.#
#....#..#.....[[.#.####.)o##..5##
#...................####.)o#.#.#.
##.............<.)....###.))4....
###.......#.......)....###.#)..#.


You could see a demonspawn (extremely poisoned), a soul eater (summoned), 3 orc
high priests, 2 ice devils, a sixfirhy (summoned, extremely poisoned) and a red
devil (fleeing).

Vanquished Creatures
  Snorg (D:10)
  3 hydras
  2 boulder beetles (D:11)
  A centaur warrior (D:10)
  A two-headed ogre (D:9)
  2 orc high priests (Orc:2)
  Amaemon (Lair:2)
  A sixfirhy (Orc:2)
  2 skysharks
  6 orc knights (Orc:2)
  4 orc sorcerers (Orc:2)
  A manticore (Lair:3)
  An ugly thing (D:12)
  4 elephants
  Maurice (Orc:2)
  3 black mambas
  4 torpor snails (Lair:4)
  Joseph (D:8)
  7 cane toads
  2 orange demons
  2 rime drakes
  7 komodo dragons
  A kobold demonologist (D:11)
  A wind drake (Lair:3)
  3 polar bears
  5 trolls
  9 blink frogs
  2 shadows (D:11)
  A wraith (D:10)
  A vampire (D:11)
  4 wyverns
  4 basilisks
  50 yaks
  A steam dragon (D:8)
  A neqoxec (Orc:2)
  Grum (D:8)
  4 vampire mosquitoes (D:11)
  3 wargs (Orc:2)
  An acid dragon (D:10)
  15 water moccasins
  34 orc warriors
  2 black bears
  6 ogres
  11 wolves
  3 centaurs
  3 kobold brigands
  11 bullfrogs
  5 scorpions
  13 wights
  10 killer bees
  3 vampire bats (Lair:4)
  7 howler monkeys
  3 electric eels
  2 centaur zombies (D:8)
  21 orc priests
  2 gnoll boudas
  2 hounds
  2 jellies
  5 iguanas
  11 orc wizards
  2 sleepcaps
  7 adders
  12 gnolls
  4 white imps
  An ufetubus (D:4)
  A worm (D:4)
  4 dart slugs
  48 orcs
  8 endoplasms
  5 giant cockroaches
  6 goblins
  7 hobgoblins
  3 jackals (D:2)
  20 kobolds
  2 quokkas
  7 ball pythons
  7 bats
  4 frilled lizards
  4 rats
472 creatures vanquished.

Notes
Turn   | Place    | Note
-------+----------+-------------------------------------------
     0 | D:1      | wingedge the Demigod Wanderer began the quest for the Orb.
     0 | D:1      | wingedge set off with the following items: a +0 sling, 13
                  | poisoned darts, a +0 dagger, a potion of berserk rage, a +0
                  | robe; and the following spell memorised: Beastly Appendage;
                  | and the following spells available to memorise: Wereblood,
                  | Passwall.
     0 | D:1      | Reached XP level 1. HP: 16/16 MP: 4/4
    32 | D:1      | Reached skill level 1 in Unarmed Combat
   159 | D:1      | You fall into a shaft and drop 1 floor!
   191 | D:2      | Reached XP level 2. HP: 18/23 MP: 3/5
   240 | D:2      | Reached skill level 2 in Unarmed Combat
   728 | D:2      | Reached XP level 3. HP: 28/28 MP: 6/6
  1087 | D:1      | Reached skill level 3 in Unarmed Combat
  1407 | D:1      | Learned a level 2 spell: Wereblood
  1791 | D:3      | Reached XP level 4. HP: 33/35 MP: 5/8
  2067 | D:3      | Reached XP level 5. HP: 29/41 MP: 9/9
  2202 | D:3      | Reached skill level 4 in Unarmed Combat
  2896 | D:4      | Reached XP level 6. HP: 40/51 MP: 8/10
  3115 | D:4      | Identified the +1 pair of boots of Plog {Rampage Fly rN+
                  | Int-5}
  3493 | D:5      | Entered Level 5 of the Dungeon
  3611 | D:5      | Reached skill level 5 in Unarmed Combat
  3773 | D:5      | Reached skill level 1 in Poison Magic
  4034 | D:5      | Found Cef Luri's Antique Armour Boutique.
  4042 | D:5      | Bought a slimy leather armour for 147 gold pieces
  4042 | D:5      | Identified the +2 leather armour "Huifiq" {rElec Regen+
                  | Int-4 Dex+4 Slay+2} (You bought it in a shop on level 5 of
                  | the Dungeon)
  4302 | D:5      | Reached XP level 7. HP: 40/57 MP: 7/11
  4317 | D:5      | Reached skill level 5 in Transmutations
  4434 | D:5      | Found a staircase to the Ecumenical Temple.
  4440 | Temple   | Entered the Ecumenical Temple
  4515 | D:5      | Learned a level 3 spell: Spider Form
  5309 | D:6      | Reached skill level 6 in Unarmed Combat
  5626 | D:7      | Reached XP level 8. HP: 63/63 MP: 10/14
  5839 | D:7      | Reached skill level 5 in Poison Magic
  6585 | D:8      | Noticed Joseph
  6598 | D:8      | Killed Joseph
  6599 | D:8      | Reached skill level 1 in Dodging
  6599 | D:8      | Reached skill level 7 in Unarmed Combat
  6799 | D:8      | Reached XP level 9. HP: 67/72 MP: 13/16
  7089 | D:8      | Reached skill level 5 in Fighting
  7286 | D:8      | Noticed Grum
  7309 | D:8      | Killed Grum
  7310 | D:8      | Reached skill level 8 in Unarmed Combat
  7866 | D:9      | Found a staircase to the Lair.
  7930 | D:9      | Noticed a two-headed ogre
  7940 | D:9      | Killed a two-headed ogre
  8136 | D:10     | Entered Level 10 of the Dungeon
  8156 | D:10     | Reached XP level 10. HP: 75/83 MP: 13/17
  8158 | D:10     | Noticed a centaur warrior
  8168 | D:10     | Killed a centaur warrior
  8169 | D:10     | Reached skill level 9 in Unarmed Combat
  8504 | D:10     | Reached skill level 10 in Unarmed Combat
  8509 | D:10     | Reached skill level 1 in Armour
  8571 | D:10     | Noticed Snorg
  8588 | D:10     | Killed Snorg
  8864 | D:10     | Found a large runed translucent door.
  8865 | D:10     | Found a large runed translucent door.
  8868 | D:10     | Noticed Gadrel's ghost (journeyman MfCA)
  9052 | D:11     | Noticed a boulder beetle
  9063 | D:11     | Killed a boulder beetle
  9118 | D:11     | Found a staircase to the Orcish Mines.
  9233 | D:11     | Reached XP level 11. HP: 87/94 MP: 19/19
  9952 | D:10     | Learned a level 2 spell: Poisonous Vapours
  9957 | D:10     | Learned a level 4 spell: Olgreb's Toxic Radiance
 10039 | D:11     | Noticed a soul eater
 10045 | D:10     | Reached skill level 1 in Air Magic
 10393 | D:11     | Noticed a boulder beetle
 10404 | D:11     | Killed a boulder beetle
 10871 | D:12     | Reached skill level 11 in Unarmed Combat
 11011 | Lair:1   | Entered Level 1 of the Lair of Beasts
 11913 | Lair:1   | Reached skill level 5 in Dodging
 12043 | Lair:1   | Learned a level 3 spell: Mephitic Cloud
 12106 | Lair:1   | Reached skill level 1 in Conjurations
 12946 | Lair:2   | Reached XP level 12. HP: 101/101 MP: 15/20
 13266 | Lair:2   | Noticed Amaemon
 13281 | Lair:2   | Killed Amaemon
 14234 | Lair:3   | Noticed a four-headed hydra
 14234 | Lair:3   | Noticed an eight-headed hydra
 14235 | Lair:3   | Found a staircase to the Shoals.
 14983 | Lair:3   | Killed an eight-headed hydra
 15058 | Lair:3   | Killed a four-headed hydra
 15161 | Lair:2   | HP: 1/105 [cane toad (14)]
 15553 | Lair:3   | Found a hole to the Spider Nest.
 15774 | Lair:4   | Reached skill level 12 in Unarmed Combat
 15962 | Lair:4   | Reached skill level 10 in Fighting
 16035 | Lair:4   | Found the +15 Maxwell's patent armour {-Cast -Tele rElec
                  | Will+ rCorr}
 16123 | Lair:4   | Reached XP level 13. HP: 97/113 MP: 16/21
 16929 | Lair:5   | Entered Level 5 of the Lair of Beasts
 17312 | Lair:4   | Reached skill level 1 in Ice Magic
 17644 | Orc:1    | Entered Level 1 of the Orcish Mines
 18095 | Orc:1    | Found a runed translucent door.
 18095 | Orc:1    | Noticed Irreverend's ghost (journeyman MiFi)
 18202 | Orc:1    | Learned a level 4 spell: Ice Form
 18249 | Orc:2    | Entered Level 2 of the Orcish Mines
 18249 | Orc:2    | Found a staircase to the Elven Halls.
 18756 | Orc:2    | Noticed Maurice
 18763 | Orc:2    | Killed Maurice
 19037 | Orc:2    | Reached skill level 5 in Ice Magic
 19916 | Orc:2    | Found Zesenk's General Store.
 20106 | Orc:2    | Found Muuseir's General Store.
 20301 | Orc:2    | Bought the +4 robe of Folly {Brill Will-∞ Int+8} for 712
                  | gold pieces
 20301 | Orc:2    | Found the +4 robe of Folly {Brill Will-∞ Int+8}
 20564 | Orc:2    | HP: 5/135 [poisoned by a red devil]
 20914 | Orc:2    | HP: 6/135 [sixfirhy[an orc high priest] (7)]
 20914 | Orc:2    | Mangled by a sixfirhy

Illustrated notes

Levels and vault maps discovered:
D:1:      lightli_arrival_maybe_door_vault, layout_rooms,
          hellmonk_ecumenical_altar_leap_of_faith
D:2:      layout_basic, ebering_dispersal_statue_hall
D:3:      layout_loops_cross
D:4:      layout_loops_ring, kennysheep_generic_room_4
D:5:      layout_loops_ring, nicolae_ru_path_of_blood,
          minmay_temple_entry_fiery, serial_shops,
          nicolae_shop_just_a_little_nook
D:6:      layout_basic, mainiacjoe_overflow_swirl
D:7:      layout_rooms, kennysheep_slug_shrine, doesnt_xom_only_xom,
          roderic_serpentine_path, grunt_decor_mini_mirrors,
          serial_bayou_lagoon_a
D:8:      layout_rooms, lemuel_zombie_altar_yredelemnul, st_stairs_2, uniq_grum,
          uniq_joseph
D:9:      layout_irregular_city, lair_entry_dummy
D:10:     layout_rooms, mainiacjoe_overflow_boulevard, general_overflow_altar,
          ebering_ghost_disaster_area, minmay_misc_feat_diagonals, uniq_snorg
D:11:     layout_long_grid, minmay_orc_entry_temple_small, serial_bayou_lake_a
D:12:     layout_long_grid, hellmonk_guarded_unrand_gong
Temple:   nicolae_temple_bog_church
Lair:1:   layout_cave_pods
Lair:2:   layout_cave_pods, serial_bayou_shore_a, uniq_amaemon
Lair:3:   layout_misc_corridors, minmay_shoals_entry_beasts, dummy_spider_entry
Lair:4:   layout_regular_city, roderic_batcave, kennysheep_snail_temple
Lair:5:   guppyfry_lair_end_dragon, layout_cave_shapes,
          hangedman_lair_in_review, slime_entry_1
Orc:1:    layout_caves, gammafunk_ghost_grave, basic_altar
Orc:2:    pf_orc_diabolical, layout_caves, uniq_maurice

Skill      XL: |  1  2  3  4  5  6  7  8  9 10 11 12 13 |
---------------+----------------------------------------+-----
Unarmed Combat | 1 2 3 4 5 6 7 8 10 11 12 | 12.0
Transmutations | 4 5 6 7 |  7.7
Fighting       | 2 3 4 6 8 10 | 10.0
Poison Magic   | 1 4 5 7 8 |  8.3
Spellcasting   | 2 3 4 |  4.9
Dodging        | 1 4 6 7 8 |  8.0
Armour         | 2 3 |  3.0
Air Magic      | 4 |  4.0
Conjurations   | 3 4 |  4.0
Ice Magic      | 6 |  6.0
Ranged Weapons | |  1.0
Throwing       | |  1.7
Evocations     | |  1.0

Action                     |  1- 3 |  4- 6 |  7- 9 | 10-12 | 13-15 || total
---------------------------+-------+-------+-------+-------+-------++-------
  Melee: Dagger            |    50 |       |       |       |       ||    50
         Headbutt          |    14 |    23 |    45 |    52 |    14 ||   148
         Kick              |     9 |    37 |    63 |    80 |    24 ||   213
         Punch             |     1 |     8 |     8 |    23 |    17 ||    57
         Unarmed           |    44 |   143 |   267 |   612 |   305 ||  1371
   Fire: Sling             |    34 |       |     2 |       |       ||    36
  Throw: Dart              |     1 |       |       |       |       ||     1
   Cast: Beastly Appendage |    19 |    28 |    32 |    41 |    10 ||   130
         Wereblood         |     1 |    11 |    20 |    25 |    13 ||    70
         Spider Form       |       |       |     5 |    29 |    14 ||    48
         Poisonous Vapours |       |       |       |    23 |    85 ||   108
         Olgreb's Toxic Ra |       |       |       |    17 |    33 ||    50
         Mephitic Cloud    |       |       |       |    15 |    13 ||    28
         Ice Form          |       |       |       |       |     8 ||     8
Ability: End Transformatio |     1 |     2 |     2 |    19 |     3 ||    27
  Evoke: Wand              |       |       |       |     1 |     4 ||     5
    Use: Scroll            |     4 |     1 |     7 |     8 |     6 ||    26
         Potion            |       |       |     1 |     4 |     7 ||    12
   Stab: Confused          |       |       |       |     9 |     6 ||    15
 Armour: Robe              |    16 |     2 |       |    21 |       ||    39
         Ring mail         |       |    20 |       |       |       ||    20
         Leather armour    |       |     2 |    56 |    22 |    14 ||    94
         Skin              |       |       |       |    11 |    12 ||    23
         Plate armour      |       |       |       |       |    21 ||    21
  Dodge: Dodged            |    66 |    98 |   238 |   596 |   306 ||  1304
  Block: Other             |       |       |       |     1 |    79 ||    80
         Reflection        |       |       |       |       |     5 ||     5
